 Dungeon Crawl Stone Soup version 0.27-a0-1590-g15f69828bf (webtiles) character file.

Game seed: 15571336421451932872

6873 Anon1729 the Geomancer (level 10, -3/62 HPs)
             Began as a Grey Draconian Conjurer on July 18, 2021.
             Was a Follower of Hepliaklqana.
             Shot with a sling bullet by Joseph (14 damage)
             ... on level 9 of the Dungeon.
             The game lasted 00:19:17 (12415 turns).

Anon1729 the Geomancer (Grey Draconian Conjurer)   Turns: 12415, Time: 00:19:17

Health: -3/62      AC: 15    Str: 11    XL:     10   Next: 78%
Magic:  9/29       EV: 14    Int: 21    God:    Hepliaklqana [*.....]
Gold:   482        SH:  0    Dex: 11    Spells: 12/23 levels left

rFire    + . .     SeeInvis .   E - +3 quarterstaff of Yffoa {flame, +Rage rPois rF+ MP+9}
rCold    . . .     Faith    .   (shield currently unavailable)
rNeg     . . .     Spirit   .   (armour unavailable)
rPois    +         Reflect  .   (helmet restricted)
rElec    .         Harm     .   q - +2 cloak
rCorr    .         Rampage  .   (no gloves)
Will     .....                  (no boots)
Stlth    +++.......             u - amulet of magic regeneration
HPRegen  0.00/turn              (no ring)
MPRegen  0.46/turn              (no ring)

@: marked, on berserk cooldown, slowed, studying Bows, very slow
A: reduced essence, AC +12, amphibious, unfitting armour, cold-blooded,
inhibited regeneration, strong 1, MP-powered wands
a: Renounce Religion, Evoke Berserk Rage, Recall Ancestor, Ancestor Identity


You were on level 9 of the Dungeon.
You worshipped Hepliaklqana.
Hepliaklqana was aware of your devotion.
You visited 2 branches of the dungeon, and saw 10 of its levels.
You also visited: Ossuary.

You collected 554 gold pieces.
You spent 72 gold pieces at shops.

Inventory:

Hand Weapons
 j - a +3 dagger of draining
 r - a +2 shortbow of flaming
 E - the +3 quarterstaff of Yffoa (weapon) {flame, +Rage rPois rF+ MP+9}
   (You found it on level 8 of the Dungeon)

   It burns those it strikes, dealing additional fire damage.
   rF:        It protects you from fire.
   rPois:     It protects you from poison.
   MP:        It affects your magic capacity (+9).
   +Rage:     It lets you go berserk.
Missiles
 m - 11 curare-tipped darts
 s - 70 arrows
 J - a throwing net
Armour
 q - a +2 cloak (worn)
Magical Staves
 h - a staff of air
 H - a staff of fire
Jewellery
 n - an amulet of the acrobat
 t - an amulet of regeneration
 u - an amulet of magic regeneration (around neck)
 I - a ring of fire
Wands
 d - a wand of iceblast (8)
 v - a wand of flame (18)
Scrolls
 a - 2 scrolls of immolation
 b - 6 scrolls of teleportation
 c - a scroll of holy word
 k - a scroll of amnesia
 x - a scroll of brand weapon
 y - a scroll of blinking
 A - a scroll of fear
 D - a scroll of enchant weapon
 G - a scroll of acquirement
Potions
 e - 4 potions of haste
 f - a potion of berserk rage
 g - 4 potions of mutation
 i - 4 potions of curing
 l - a potion of heal wounds {unknown}
 o - a potion of ambrosia {unknown}
 w - 2 potions of brilliance
 z - 3 potions of lignification
 B - a potion of attraction {unknown}
 C - a potion of might
 F - a potion of degeneration {unknown}


   Skills:
 + Level 7.0 Dodging
 + Level 7.6 Stealth
 + Level 7.0 Spellcasting
 + Level 8.4 Conjurations
 * Level 9.1 Earth Magic


You had 12 spell levels left.
You knew the following spells:

 Your Spells              Type           Power      Damage    Failure   Level
a - Magic Dart            Conj           100%       1d8       1%          1
b - Searing Ray           Conj           84%        3d6       1%          2
c - Dazzling Flash        Conj/Hex       50%        N/A       4%          3
d - Lee's Rapid Deconstr  Erth           22%        3d14*     5%          5

Your spell library contained the following spells:

 Spells                   Type           Power      Damage    Failure   Level
 Conjure Flame            Conj/Fire      25%        6-21      4%          3
 Animate Skeleton         Necr           14%        N/A       9%          1
 Apportation              Tloc           14%        N/A       9%          1
 Corona                   Hex            7%         N/A       9%          1
 Summon Small Mammal      Summ           28%        N/A       9%          1
 Ensorcelled Hibernation  Hex/Ice        14%        N/A       13%         2
 Fulminant Prism          Conj/Hex       12%        3d9       16%         4
 Iskenderun's Mystic Bla  Conj/Tloc      25%        2d7       16%         4
 Sticky Flame             Conj/Fire      25%        2d5       16%         4
 Ignite Poison            Fire/Tmut/Pois 7%         N/A       26%         3
 Tukima's Dance           Hex            7%         N/A       26%         3


Dungeon Overview and Level Annotations

Branches:
Dungeon (9/15)             Temple (1/1) D:5            Lair (0/6) D:8
Ossuary (visited)
    Orc: D:9-12

Altars:
Ashenzari
Cheibriados
Dithmenos
Elyvilon
Fedhas
Gozag
Hepliaklqana
Kikubaaqudgha
Makhleb
Nemelex Xobeh
Okawaru
Qazlal
Ru
Sif Muna
Uskayaw
Vehumet
Wu Jian
Xom
Yredelemnul
Zin
The Shining One

Shops:
D:3 *   D:5 (

Annotations:
D:9 Joseph


Innate Abilities, Weirdness & Mutations

Your life essence is reduced to manifest your ancestor. (-10% HP)
Your dull iron-grey scales are very hard. (AC +12)
You are amphibious.
You cannot fit into any form of body armour.
You are cold-blooded and may be slowed by cold attacks.
You do not regenerate when monsters are visible.
Your muscles are strong. (Str +2)
You expend magic power (3 MP) to strengthen your wands.


Message History

The sling bullet completely misses Wilburh.
The sling bullet hits you!
You feel yourself slow down. The sling bullet freezes you.
Wilburh hits Joseph but does no damage.
The orc warrior misses you. The orc misses you.
You completely miss the orc warrior.
The orc warrior is severely wounded.
Wilburh hits Joseph!
Joseph unwields a +4 hunting sling of freezing.
Joseph wields a +0 quarterstaff.
Joseph hits Wilburh with a +0 quarterstaff!
The orc warrior hits you but does no damage.
The orc barely misses you.
Wilburh barely misses Joseph.
Your magical contamination has completely faded away.
You barely miss the orc warrior.
Your tail-slap misses the orc warrior.
The orc warrior is severely wounded.
You feel yourself speed up.
Joseph hits Wilburh with a +0 quarterstaff!
Wilburh is destroyed!
The orc warrior misses you. The orc hits you but does no damage.
Joseph unwields a +0 quarterstaff.
Joseph wields a +4 hunting sling of freezing.
It is covered in frost.
Joseph shoots a sling bullet.
The sling bullet hits you!
* * * LOW HITPOINT WARNING * * *
The sling bullet freezes you.
* * * LOW HITPOINT WARNING * * *
Unknown command.
A water moccasin comes into view. 3 orcs and a zombie come into view.
You feel a strong urge to attack something.
An orc comes into view. It is wielding a +0 trident.
You are no longer berserk.
You are exhausted.
You feel yourself slow down.
The water moccasin bites you but does no damage.
Blink to where?
Press: ? - help, Dir - move target
As you read the scroll of blinking, it crumbles to dust.
Joseph shoots a sling bullet.
The sling bullet hits you!
You die...

.# #.#.#.###.##############R####
####.#.#.#.#.#.#.#.#.#.#.#R#.#.#
....#.#.#.#.#.#.#.#.#.#.#R#.#.##
####.#.#.#.#.#.#.#'#.#.#.#.#.#.#
......#.#.#.#.#.#...#.#.#.#.#.##
.....#.#.#.#.#^#....'#.#.#...#.#
......#.#.#.#.#.#...#.#.#....'##
...........#.#.#.....#.#.#...#.#
.####.####..#...@.#.#.#.#..#####
.##)....##.#.#...#.#.#.#.#.#
.#.......#..#'...o#.#.#.#.##
.#.......# #.#...#(#.#.#.#.#
....._......#....'#.#@#.#.##
.#.......#.#.#...#.#S#.#.#.#
.#.......#..#.#.#.#.#.#.#)##
.##.....##.#.#.#.#.#.#.#@#.####
.####.####..#.#.#.#.#.#.#.#o#.##.


You could see Joseph, a water moccasin and an orc.

Vanquished Creatures
  Harold (D:9)
  Erica (D:8)
  A komodo dragon (D:8)
  Sigmund (D:4)
  A wyvern (D:7)
  3 yaks (D:9)
  2 steam dragons
  An acid dragon (D:8)
  A water moccasin (D:8)
  A sky beast (D:6)
  2 black bears (D:8)
  3 orc warriors
  An ice beast (D:5)
  2 ogres
  A centaur (D:5)
  A phantom (D:6)
  2 elf zombies (Ossuary)
  2 kobold brigands
  6 bullfrogs
  A wyvern zombie (D:7)
  2 gnoll sergeants
  A scorpion (D:5)
  2 water moccasin skeletons
  12 killer bees
  A wight (D:8)
  3 howler monkeys (D:7)
  4 centaur zombies
  3 bullfrog zombies
  3 hounds
  A bullfrog skeleton (D:5)
  Jessica (D:2)
  An iguana (D:7)
  Natasha (thrice) (D:2)
  An orc wizard (D:8)
  2 killer bee zombies
  3 ogre zombies (Ossuary)
  A hound zombie (D:5)
  8 mummies
  A howler monkey zombie (D:6)
  7 gnolls
  5 adders
  A howler monkey skeleton (D:5)
  A shadow imp (D:6)
  A white imp (D:6)
  3 adder zombies (Ossuary)
  2 dart slugs (D:1)
  A worm (D:3)
  9 orcs
  11 endoplasms
  4 giant cockroaches
  A gnoll zombie (Ossuary)
  9 goblins
  6 hobgoblins
  8 jackals
  A quokka (D:2)
  5 ball pythons
  A bat (D:1)
  5 frilled lizards
  6 goblin zombies
  3 hobgoblin zombies (Ossuary)
  15 kobolds
  4 kobold zombies (Ossuary)
  An orc zombie (D:7)
  2 quokka zombies (Ossuary)
  5 rat zombies (Ossuary)
204 creatures vanquished.

Vanquished Creatures (collateral kills)
  A black bear (D:8)
  A centaur (D:9)
  A kobold brigand (D:9)
  2 bullfrogs (D:8)
  2 killer bees (D:8)
  A gnoll (D:9)
  An orc (D:9)
  4 kobolds (D:9)
13 creatures vanquished.

Vanquished Creatures (others)
  3 ancestors
  53 fungi (D:8)
  44 plants (D:8)
100 creatures vanquished.

Grand Total: 317 creatures vanquished

Notes
Turn   | Place    | Note
-------+----------+-------------------------------------------
     0 | D:1      | Anon1729 the Draconian Conjurer began the quest for the
                  | Orb.
     0 | D:1      | Reached XP level 1. HP: 14/14 MP: 3/3
   274 | D:1      | Reached XP level 2. HP: 20/20 MP: 0/5
  1379 | D:1      | Reached XP level 3. HP: 26/26 MP: 6/6
  1606 | D:2      | Noticed Natasha
  1619 | D:2      | Killed Natasha
  1623 | D:2      | Learned a level 2 spell: Searing Ray
  1627 | D:2      | Learned a level 3 spell: Dazzling Flash
  2285 | D:2      | Noticed Jessica
  2292 | D:2      | Killed Jessica
  2293 | D:2      | Reached XP level 4. HP: 21/33 MP: 5/8
  2643 | D:2      | Noticed Natasha
  2657 | D:2      | Killed Natasha
  2663 | D:2      | Noticed Natasha
  2671 | D:2      | Killed Natasha
  2672 | D:2      | Reached XP level 5. HP: 26/38 MP: 9/9
  2920 | D:3      | Found Wefie's General Store.
  2927 | D:3      | Bought a potion of curing for 36 gold pieces
  2927 | D:3      | Bought a scroll of noise for 12 gold pieces
  3919 | D:4      | Noticed Sigmund
  3932 | D:4      | Killed Sigmund
  3933 | D:4      | Reached skill level 5 in Conjurations
  3933 | D:4      | Reached XP level 6. HP: 26/45 MP: 6/11
  4458 | D:3      | Bought a scroll of identify for 24 gold pieces
  4532 | D:5      | Entered Level 5 of the Dungeon
  4735 | D:5      | Your scales start taking on a dull iron-grey colour.
  4735 | D:5      | Reached XP level 7. HP: 13/50 MP: 0/12
  5564 | D:5      | Noticed a steam dragon
  5570 | D:5      | Killed a steam dragon
  5727 | D:5      | Learned a level 5 spell: Lee's Rapid Deconstruction
  5824 | D:5      | Found a hide-covered altar of Uskayaw.
  5824 | D:5      | Found a white marble altar of Elyvilon.
  5825 | D:5      | Found a shimmering altar of Xom.
  5906 | D:5      | Found Panud's Antique Weapon Boutique.
  5965 | D:5      | Reached XP level 8. HP: 51/57 MP: 14/14
  6056 | D:5      | Found a staircase to the Ecumenical Temple.
  6152 | Temple   | Entered the Ecumenical Temple
  6281 | Temple   | Became a worshipper of Hepliaklqana the Forgotten
  6628 | D:6      | Reached skill level 5 in Stealth
  6710 | D:6      | Reached skill level 1 in Earth Magic
  6919 | D:6      | Reached skill level 2 in Earth Magic
  7243 | D:6      | Reached skill level 5 in Spellcasting
  7594 | D:7      | Reached skill level 5 in Dodging
  7675 | D:7      | Noticed Joseph
  7689 | D:7      | Found a sand-covered staircase.
  7701 | D:7      | Gained mutation: You do not regenerate when monsters are
                  | visible. [potion of mutation]
  7701 | D:7      | Gained mutation: Your muscles are strong. (Str +2) [potion
                  | of mutation]
  7701 | D:7      | Gained mutation: You expend magic power (3 MP) to
                  | strengthen your wands. [potion of mutation]
  7722 | Ossuary  | Entered an ossuary
  8372 | Ossuary  | Reached skill level 3 in Earth Magic
  8874 | D:7      | Reached skill level 4 in Earth Magic
  8874 | D:7      | Reached XP level 9. HP: 37/62 MP: 17/17
  9340 | D:7      | Reached skill level 5 in Earth Magic
  9817 | D:8      | Reached * piety under Hepliaklqana
 10037 | D:8      | Identified the +3 quarterstaff of Yffoa {flame, +Rage rPois
                  | rF+ MP+9}
 10101 | D:8      | Noticed Erica
 10117 | D:8      | Killed Erica
 10118 | D:8      | Reached skill level 6 in Earth Magic
 10323 | D:8      | Reached skill level 7 in Earth Magic
 10323 | D:8      | Reached XP level 10. HP: 57/62 MP: 19/19
 10759 | D:8      | Found a staircase to the Lair.
 11577 | D:8      | Reached skill level 8 in Earth Magic
 12001 | D:9      | Found a glowing silver altar of Zin.
 12082 | D:9      | Noticed Harold
 12328 | D:9      | Identified a scroll of acquirement
 12405 | D:9      | Killed Harold
 12406 | D:9      | Reached skill level 9 in Earth Magic
 12415 | D:9      | Shot with a sling bullet by Joseph

Illustrated notes

Levels and vault maps discovered:
D:1:      tarquinn_simple_flora_water_d, layout_loops_corners, chequers_garden,
          kennysheep_boxes
D:2:      layout_basic, uniq_natasha, uniq_jessica
D:3:      layout_loops_ring, serial_shops, shop, minmay_between
D:4:      layout_loops_cross, feat_on_display, uniq_sigmund
D:5:      layout_cave_pools, gammafunk_temple_overflow_claw,
          minmay_temple_entry_fiery, nicolae_stop_n_shop_1, minmay_manual_mail
D:6:      layout_basic
D:7:      layout_loops_ring, nicolae_ossuary_entry_giza, uniq_joseph
D:8:      layout_basic, due_lair_maze_entry_diamond, uniq_erica
D:9:      layout_basic, old_standard_altar, trog_butcher_becter, special_room
          [special_room_orc], grunt_decor_arrowhead, uniq_harold
Temple:   minmay_crystal_spiral_temple

Skill      XL: |  1  2  3  4  5  6  7  8  9 10 |
---------------+-------------------------------+-----
Stealth        | 2 3 4 5 6 7 |  7.6
Dodging        | 2 3 4 5 6 7 |  7.0
Spellcasting   | 3 4 5 6 7 |  7.0
Conjurations   | 5 6 7 8 |  8.4
Earth Magic    | 4 7 9 |  9.1

Action                   |  1- 3 |  4- 6 |  7- 9 | 10-12 || total
-------------------------+-------+-------+-------+-------++-------
Melee: Unarmed           |    55 |       |       |       ||    55
       Tailslap          |     6 |     6 |    50 |     4 ||    66
       Dagger            |    39 |   114 |   427 |       ||   580
       Quarterstaff      |       |       |    17 |    66 ||    83
 Cast: Magic Dart        |    38 |     2 |    40 |     2 ||    82
       Searing Ray       |       |     2 |    23 |       ||    25
       Dazzling Flash    |       |     3 |     2 |     1 ||     6
       Lee's Rapid Decon |       |       |     4 |    44 ||    48
 Abil: Evoke Berserk Rag |       |       |     1 |     1 ||     2
  Use: Scroll            |       |     5 |       |     9 ||    14
       Potion            |       |       |     1 |       ||     1
 Stab: Sleeping          |     1 |     8 |    18 |       ||    27
       Distracted        |       |     1 |     1 |       ||     2
Armor: Skin              |    33 |    31 |   214 |    68 ||   346
Dodge: Dodged            |    84 |   110 |   315 |   109 ||   618

Table legend: (Time is in decaauts)
 A = Elapsed time spent in this place.
 B = Non-inter-level travel time spent in this place.
 C = Inter-level travel time spent in this place.
 D = Time resting spent in this place.
 E = Time spent auto-exploring this place.
 F = Levels seen in this place.
 G = Mean time per level.
                   A        B        C        D        E       F      G
               +--------+--------+--------+--------+--------+-----+--------+
         Total |  12469 |  11804 |    665 |    762 |   9232 |  11 | 1133.5 |
       Dungeon |  11167 |  10587 |    580 |    558 |   8527 |   9 | 1240.8 |
        Temple |    214 |    129 |     85 |      0 |    127 |   1 |  214.0 |
       Ossuary |   1087 |   1087 |      0 |    204 |    578 |   1 | 1087.0 |
               +--------+--------+--------+--------+--------+-----+--------+

Top non-repeatable levels by time:
     D:8: 2013 daAuts
     D:1: 1586 daAuts
     D:5: 1568 daAuts
     D:2: 1338 daAuts
     D:7: 1203 daAuts
     D:6: 1091 daAuts
 Ossuary: 1087 daAuts
     D:3: 985 daAuts
     D:4: 799 daAuts
     D:9: 579 daAuts
  Temple: 214 daAuts
